Blue Jackets vs Predators

Created - October 25, 2020 at 22:48

Goals
1 2 3 OT1 SO T
Blue Jackets 1 1 0 0 1 3
Predators 2 0 0 0 0 2
Shots
1 2 3 OT1 SO T
Blue Jackets 7 16 4 1 3 28
Predators 18 2 7 4 3 31

1st period

1. Predators , Justin Faulk 1 (Alexander Ovechkin 2, Mikael Granlund 5) at 1:42
2. Blue Jackets , Eric Wellwood 1 (Max Pacioretty 2, Rob Scuderi 2) at 11:34
3. Predators , Jack Eichel 2 (Justin Faulk 3, Mikael Granlund 6) at 19:53

Penalties :
Branislav Mezei (Clb) for Tripping (Minor) at 8:36

2nd period

4. Blue Jackets , Max Pacioretty 1 (Pavel Datsyuk 1) at 7:39

Penalties :
Cam Fowler (Clb) for High sticking (Minor) at 5:06, Justin Abdelkader (Nas) for Hooking (Minor) at 16:44, Ryan Kesler (Nas) for Interference (Minor) at 19:16

3rd period

No Goal

Penalties :
Justin Faulk (Nas) for Cross-checking (Minor) at 5:50, Brandon Bollig (Clb) for Holding Stick (Minor) at 8:08, Martin Havlat (Clb) for Interference (Minor) at 12:47, Mark Pysyk (Nas) for Goalie Interference (Minor) at 15:23

Overtime #1

No Goal

Penalties :
No Penalty

Shootout

Blue Jackets, Tyler Seguin - Stopped by Viktor Fasth
Predators, Brendan Gallagher - Shot Misses the Net
Blue Jackets, Artemi Panarin - Stopped by Viktor Fasth
Predators, Mikael Granlund - Shot Misses the Net
Blue Jackets, Max Pacioretty - Goal!
Predators, Alexander Ovechkin - Shot Misses the Net

Penalties :
No Penalty

Goalie Stats

Rick DiPietro (Clb), 29 saves from 31 shots - (0.935), W, 1-2-0, 65:00 minutes
Viktor Fasth (Nas), 26 saves from 28 shots - (0.929), OTL, 1-1-1, 65:00 minutes

Players Stats for Blue Jackets

Player Name              G  A  P  +/- PIM S  H  SB GA TA FO     MP     PP MP  PK MP  
------------------------------------------------------------------------------------
Andreas Nodl             0  0  0   0  0   2  1  0  0  0  0/0     7:41   0:00   0:00 
Artemi Panarin           0  0  0  -1  0   2  4  1  0  1  3/3    25:39   3:53   4:17 
Brandon Bollig           0  0  0   0  2   0  2  0  0  0  0/0     7:43   0:00   0:00 
Branislav Mezei          0  0  0   0  2   1  1  1  0  0  0/0    12:36   0:00   0:17 
Cam Fowler               0  0  0   0  2   2  2  3  3  0  0/0    29:01   4:33   3:31 
Cody Eakin               0  0  0   0  0   0  0  0  0  0  1/2     9:05   0:00   0:44 
Dalton Prout             0  0  0   0  0   0  1  2  0  0  0/0    22:57   3:23   3:29 
Devin Setoguchi          0  0  0   1  0   6  0  1  1  0  0/1    15:27   4:14   0:00 
Eric Wellwood            1  0  1   0  0   1  0  0  0  0  0/0    12:12   0:00   1:42 
Martin Havlat            0  0  0  -1  2   1  0  2  0  0  0/2    18:16   3:34   0:00 
Max Pacioretty           1  1  2   2  0   2  0  0  0  0  0/1    19:58   3:42   2:48 
Mike Lundin              0  0  0   0  0   2  0  1  0  2  0/0    29:58   4:33   4:27 
Pavel Datsyuk            0  1  1   2  0   1  2  1  0  0  3/16   13:56   0:32   0:00 
Peter Mueller            0  0  0  -1  0   3  1  0  0  0  8/9    16:07   3:42   2:17 
Rob Scuderi              0  1  1   0  0   0  0  0  1  0  0/0    22:57   3:23   3:29 
Ryan Wilson              0  0  0   0  0   0  0  2  0  0  0/0    12:44   0:00   0:39 
Tyler Kennedy            0  0  0  -1  0   1  1  0  0  0  0/0    10:17   0:00   0:00 
Tyler Seguin             0  0  0  -1  0   4  0  0  0  0  20/31  25:26   4:11   4:04 

Players Stats for Predators

Player Name              G  A  P  +/- PIM S  H  SB GA TA FO     MP     PP MP  PK MP  
------------------------------------------------------------------------------------
Alex Killorn             0  0  0  -1  0   0  0  0  1  0  0/0     7:56   0:00   0:00 
Alexander Edler          0  0  0  -1  0   3  2  6  0  1  0/0    30:20   4:43   4:46 
Alexander Ovechkin       0  1  1   2  0   3  2  1  1  0  0/0    23:50   4:17   1:15 
Andy Miele               0  0  0  -1  0   1  2  1  0  0  10/21  15:46   0:00   5:00 
Brendan Gallagher        0  0  0   0  0   1  0  0  0  0  0/1    16:53   3:39   1:20 
Byron Bitz               0  0  0  -1  0   0  2  0  0  0  0/0    10:41   0:00   1:18 
Dmitri Kalinin           0  0  0  -1  0   1  0  0  0  0  0/0    11:05   0:00   0:00 
Jack Eichel              1  0  1   2  0   3  1  0  0  0  6/17   20:37   4:09   0:52 
Jaden Schwartz           0  0  0   0  0   0  0  0  1  0  0/0    16:22   3:39   1:55 
John Moore               0  0  0   2  0   1  1  0  0  0  0/0    23:35   3:13   3:10 
Justin Abdelkader        0  0  0  -1  2   1  2  2  0  0  0/0    10:49   0:00   0:00 
Justin Faulk             1  1  2   2  2   3  1  2  0  1  0/0    21:07   3:13   0:00 
Mark Pysyk               0  0  0  -1  2   3  1  0  0  0  0/0    12:27   0:00   4:12 
Mikael Granlund          0  2  2   2  0   9  2  0  0  1  1/5    22:45   4:17   0:00 
Nate Schmidt             0  0  0  -1  0   0  0  3  0  2  0/0    13:33   0:00   3:10 
Nik Antropov             0  0  0  -1  0   0  0  1  0  0  2/5     8:16   0:08   0:00 
Ryan Kesler              0  0  0   0  2   1  1  1  0  0  11/16  15:38   3:39   0:00 
Ryan Mcdonagh            0  0  0  -1  0   1  1  2  0  0  0/0    30:20   4:43   4:46 

3 Stars

1 - Max Pacioretty (Clb)
2 - Justin Faulk (Nas)
3 - Mikael Granlund (Nas)

Power Play

Blue Jackets - 0 on 4 Attempt(s) - 0.00%
Predators - 0 on 4 Attempt(s) - 0.00%

Penalty Kill

Blue Jackets - 4 on 4 Attempt(s) - 100.00% - Score 0 goal in Penalty Kill
Predators - 4 on 4 Attempt(s) - 100.00% - Score 0 goal in Penalty Kill

Team Stat

Blue Jackets - Hits : 15 - Faceoff Wins : 35 - Blocked Shots : 14 - Penalty Minutes : 8
Predators - Hits : 18 - Faceoff Wins : 30 - Blocked Shots : 19 - Penalty Minutes : 8

Official

Referees : Unknown
Linesman : Unknown

Game Notes

No Game Note

Finance

Level 1 -- Attendance: 6000 (100.00%) -- Ticket Income $630,000
Level 2 -- Attendance: 4062 (81.24%) -- Ticket Income $276,216
Level 3 -- Attendance: 2000 (100.00%) -- Ticket Income $84,000
Level 4 -- Attendance: 3523 (88.08%) -- Ticket Income $105,690
Luxury Box -- Attendance: 785 (78.50%) -- Ticket Income $157,000
Game was played at the Wildcat center.
Total Attendance: 16370 (90.94%)
Total Ticket Income: $1,252,906
Other Income: $187,936
Total Income: $1,440,842

Blue Jackets

5 vs 5 Forward 
   Center                   Left Wing                Right Wing               Time % Phy DF OF 
 1 Tyler Seguin             Artemi Panarin           Martin Havlat            40     1   2  2  
 2 Pavel Datsyuk            Max Pacioretty           Devin Setoguchi          30     1   2  2  
 3 Peter Mueller            Eric Wellwood            Tyler Kennedy            20     1   2  2  
 4 Cody Eakin               Brandon Bollig           Andreas Nodl             10     1   2  2  

5 vs 5 Defense 
   Defense                  Defense                                           Time % Phy DF OF 
 1 Cam Fowler               Mike Lundin                                       40     1   2  2  
 2 Dalton Prout             Rob Scuderi                                       30     1   2  2  
 3 Branislav Mezei          Ryan Wilson                                       20     1   2  2  
 4 Cam Fowler               Mike Lundin                                       10     1   2  2  

PowerPlay Forward 
   Center                   Left Wing                Right Wing               Time % Phy DF OF 
 1 Tyler Seguin             Artemi Panarin           Devin Setoguchi          60     1   2  2  
 2 Peter Mueller            Max Pacioretty           Martin Havlat            40     1   2  2  

PowerPlay Defense
   Defense                  Defense                                           Time % Phy DF OF 
 1 Cam Fowler               Mike Lundin                                       60     1   2  2  
 2 Dalton Prout             Rob Scuderi                                       40     1   2  2  

Penalty Kill 4 Players Forward 
   Center                   Wing                     Time % Phy DF OF 
 1 Tyler Seguin             Artemi Panarin           60     1   2  2  
 2 Max Pacioretty           Peter Mueller            40     1   2  2  

Penalty Kill 4 Players Defense
   Defense                  Defense                  Time % Phy DF OF 
 1 Cam Fowler               Mike Lundin              60     1   2  2  
 2 Dalton Prout             Rob Scuderi              40     1   2  2  

Penalty Kill - 3 Players Forward 
   Forward                                           Time % Phy DF OF 
 1 Tyler Seguin                                      60     1   2  2  
 2 Artemi Panarin                                    40     1   2  2  

Penalty Kill - 3 Players Defense
   Defense                  Defense                  Time % Phy DF OF 
 1 Cam Fowler               Mike Lundin              60     1   2  2  
 2 Dalton Prout             Rob Scuderi              40     1   2  2  

4 vs 4 Forward 
   Center                   Wing                     Time % Phy DF OF 
 1 Tyler Seguin             Artemi Panarin           60     1   2  2  
 2 Max Pacioretty           Peter Mueller            40     1   2  2  

4 vs 4 Defense
   Defense                  Defense                  Time % Phy DF OF 
 1 Cam Fowler               Mike Lundin              60     1   2  2  
 2 Dalton Prout             Rob Scuderi              40     1   2  2  

Last Minutes Offensive
   Center                   Left Wing                Right Wing               Defense                  Defense                  
   Tyler Seguin             Artemi Panarin           Devin Setoguchi          Cam Fowler               Mike Lundin              

Last Minutes Defensive
   Center                   Left Wing                Right Wing               Defense                  Defense                  
   Tyler Seguin             Artemi Panarin           Devin Setoguchi          Cam Fowler               Mike Lundin              

Goaltenders
Starting : Rick DiPietro            
Backup : Andrei Vasilevskiy       

Extra Forwards
Normal : Pavel Datsyuk, Tyler Kennedy, Eric Wellwood - PP : Pavel Datsyuk, Tyler Kennedy - PK : Eric Wellwood
Extra Defensemen
Normal : Branislav Mezei, Ryan Wilson, Dalton Prout - PP : Branislav Mezei - PK : Ryan Wilson, Dalton Prout
Penalty Shots
Tyler Seguin, Artemi Panarin, Max Pacioretty, Peter Mueller, Devin Setoguchi

Scratches
Dennis Wideman (Healthy)

Predators

5 vs 5 Forward 
   Center                   Left Wing                Right Wing               Time % Phy DF OF 
 1 Jack Eichel              Alexander Ovechkin       Mikael Granlund          40     1   2  2  
 2 Ryan Kesler              Jaden Schwartz           Brendan Gallagher        30     1   2  2  
 3 Andy Miele               Justin Abdelkader        Byron Bitz               20     1   2  2  
 4 Nik Antropov             Alex Killorn             Mark Pysyk               10     1   2  2  

5 vs 5 Defense 
   Defense                  Defense                                           Time % Phy DF OF 
 1 Ryan Mcdonagh            Alexander Edler                                   40     1   2  2  
 2 John Moore               Justin Faulk                                      30     1   2  2  
 3 Nate Schmidt             Dmitri Kalinin                                    20     1   2  2  
 4 Ryan Mcdonagh            Alexander Edler                                   10     1   2  2  

PowerPlay Forward 
   Center                   Left Wing                Right Wing               Time % Phy DF OF 
 1 Jack Eichel              Alexander Ovechkin       Mikael Granlund          55     1   1  3  
 2 Ryan Kesler              Jaden Schwartz           Brendan Gallagher        45     1   1  3  

PowerPlay Defense
   Defense                  Defense                                           Time % Phy DF OF 
 1 Ryan Mcdonagh            Alexander Edler                                   60     1   1  3  
 2 John Moore               Justin Faulk                                      40     1   1  3  

Penalty Kill 4 Players Forward 
   Center                   Wing                     Time % Phy DF OF 
 1 Andy Miele               Mark Pysyk               60     1   2  2  
 2 Jaden Schwartz           Byron Bitz               40     1   2  2  

Penalty Kill 4 Players Defense
   Defense                  Defense                  Time % Phy DF OF 
 1 Ryan Mcdonagh            Alexander Edler          60     1   3  1  
 2 John Moore               Nate Schmidt             40     1   3  1  

Penalty Kill - 3 Players Forward 
   Forward                                           Time % Phy DF OF 
 1 Andy Miele                                        60     1   3  1  
 2 Byron Bitz                                        40     1   3  1  

Penalty Kill - 3 Players Defense
   Defense                  Defense                  Time % Phy DF OF 
 1 Ryan Mcdonagh            Alexander Edler          60     1   3  1  
 2 John Moore               Nate Schmidt             40     1   3  1  

4 vs 4 Forward 
   Center                   Wing                     Time % Phy DF OF 
 1 Mikael Granlund          Alexander Ovechkin       60     1   2  2  
 2 Ryan Kesler              Brendan Gallagher        40     1   2  2  

4 vs 4 Defense
   Defense                  Defense                  Time % Phy DF OF 
 1 Ryan Mcdonagh            Alexander Edler          60     1   2  2  
 2 John Moore               Justin Faulk             40     1   2  2  

Last Minutes Offensive
   Center                   Left Wing                Right Wing               Defense                  Defense                  
   Ryan Kesler              Alexander Ovechkin       Brendan Gallagher        Ryan Mcdonagh            Alexander Edler          

Last Minutes Defensive
   Center                   Left Wing                Right Wing               Defense                  Defense                  
   Andy Miele               Jaden Schwartz           Mark Pysyk               Ryan Mcdonagh            John Moore               

Goaltenders
Starting : Viktor Fasth             
Backup : Anders Lindback          

Extra Forwards
Normal : Andy Miele, Justin Abdelkader, Byron Bitz - PP : Nik Antropov, Justin Abdelkader - PK : Brendan Gallagher
Extra Defensemen
Normal : Nate Schmidt, Dmitri Kalinin, John Moore - PP : Dmitri Kalinin - PK : Nate Schmidt, John Moore
Penalty Shots
Brendan Gallagher, Mikael Granlund, Alexander Ovechkin, Ryan Kesler, Andy Miele

Scratches
None


% Time on Ice - Blue Jackets

Lines # - Real PCT - Wanted PCT - Time Play
Normal Forward
1 - 37% - 40% - 16:07
2 - 27% - 30% - 11:47
3 - 19% - 20% - 8:33
4 - 17% - 10% - 7:41
Normal Defense
1 - 38% - 40% - 16:42
2 - 32% - 30% - 13:58
3 - 27% - 20% - 12:05
4 - 3% - 10% - 1:23
PP Forward
1 - 53% - 60% - 4:14
2 - 47% - 40% - 3:42
PP Defense
1 - 57% - 60% - 4:33
2 - 43% - 40% - 3:23
PK Forward
1 - 71% - 60% - 5:39
2 - 29% - 40% - 2:17
PK Defense
1 - 56% - 60% - 4:27
2 - 44% - 40% - 3:29
PK3 Forward
1 - 0% - 60%
2 - 0% - 40%
PK3 Defense
1 - 0% - 60%
2 - 0% - 40%
44 Forward
1 - 71% - 60% - 3:33
2 - 29% - 40% - 1:27
44 Defense
1 - 58% - 60% - 2:53
2 - 42% - 40% - 2:07
Last Minute Offensive  - 0:00
Last Minute Defensive  - 0:00
Total
Forward - 65:00
Defense - 65:00

% Time on Ice - Predators

Lines # - Real PCT - Wanted PCT - Time Play
Normal Forward
1 - 38% - 40% - 16:38
2 - 25% - 30% - 10:50
3 - 20% - 20% - 8:44
4 - 18% - 10% - 7:56
Normal Defense
1 - 39% - 40% - 17:09
2 - 35% - 30% - 15:37
3 - 23% - 20% - 10:12
4 - 3% - 10% - 1:10
PP Forward
1 - 54% - 55% - 4:17
2 - 46% - 45% - 3:39
PP Defense
1 - 59% - 60% - 4:43
2 - 41% - 40% - 3:13
PK Forward
1 - 84% - 60% - 6:38
2 - 16% - 40% - 1:18
PK Defense
1 - 60% - 60% - 4:46
2 - 40% - 40% - 3:10
PK3 Forward
1 - 0% - 60%
2 - 0% - 40%
PK3 Defense
1 - 0% - 60%
2 - 0% - 40%
44 Forward
1 - 78% - 60% - 3:55
2 - 22% - 40% - 1:05
44 Defense
1 - 51% - 60% - 2:32
2 - 49% - 40% - 2:28
Last Minute Offensive  - 0:00
Last Minute Defensive  - 0:00
Total
Forward - 65:00
Defense - 65:00

Play-by-Play

1st period


0:01 of 1st period - Tyler Seguin wins face-off versus Jack Eichel in neutral zone.
0:43 of 1st period - Slapshot by Alexander Ovechkin.
0:43 of 1st period - Shot Blocked by Cam Fowler.
1:22 of 1st period - Snap shot by Alexander Ovechkin.
1:22 of 1st period - Shot Misses the Net.
1:38 of 1st period - Snap shot by Alexander Ovechkin.
1:38 of 1st period - Shot Misses the Net.
1:40 of 1st period - Snap shot by Alexander Ovechkin.
1:40 of 1st period - Shot Blocked by Mike Lundin.
1:42 of 1st period - Slapshot by Justin Faulk.
1:42 of 1st period - Goal by Justin Faulk - Blue Jackets : 0 - Predators : 1.
1:43 of 1st period - Ryan Kesler wins face-off versus Pavel Datsyuk in neutral zone.
1:58 of 1st period - Snap shot by Jaden Schwartz.
1:58 of 1st period - Shot Misses the Net.
2:08 of 1st period - Rob Scuderi is hit by Alexander Edler and loses puck.
2:19 of 1st period - Dalton Prout is hit by Justin Abdelkader.
2:29 of 1st period - Slapshot by John Moore.
2:29 of 1st period - Shot Blocked by Ryan Wilson.
2:31 of 1st period - Wrist shot by Justin Faulk.
2:31 of 1st period - Shot Misses the Net.
2:33 of 1st period - Slapshot by John Moore.
2:33 of 1st period - Stopped by Rick DiPietro with a rebound.
2:49 of 1st period - Wrist shot by Brendan Gallagher.
2:49 of 1st period - Stopped by Rick DiPietro with a rebound.
3:05 of 1st period - Martin Havlat is hit by Andy Miele and loses puck.
3:14 of 1st period - Dmitri Kalinin is hit by Dalton Prout and loses puck.
3:29 of 1st period - Slapshot by Mark Pysyk.
3:29 of 1st period - Deflect By Rob Scuderi.
3:29 of 1st period - Stopped by Rick DiPietro with a rebound.
3:31 of 1st period - Slapshot by Dmitri Kalinin.
3:31 of 1st period - Stopped by Rick DiPietro with a rebound.
3:33 of 1st period - Wrist shot by Mark Pysyk.
3:33 of 1st period - Deflect By Rob Scuderi.
3:33 of 1st period - Stopped by Rick DiPietro without a rebound.
3:34 of 1st period - Nik Antropov wins face-off versus Pavel Datsyuk in Blue Jackets zone.
4:01 of 1st period - Slapshot by John Moore.
4:01 of 1st period - Shot Misses the Net.
4:28 of 1st period - Snap shot by Devin Setoguchi.
4:28 of 1st period - Stopped by Viktor Fasth with a rebound.
4:38 of 1st period - Slapshot by Max Pacioretty.
4:38 of 1st period - Shot Misses the Net.
4:40 of 1st period - Wrist shot by Devin Setoguchi.
4:40 of 1st period - Stopped by Viktor Fasth without a rebound.
4:41 of 1st period - Tyler Seguin wins face-off versus Ryan Kesler in Predators zone.
4:44 of 1st period - Slapshot by Artemi Panarin.
4:44 of 1st period - Stopped by Viktor Fasth with a rebound.
4:46 of 1st period - Slapshot by Branislav Mezei.
4:46 of 1st period - Stopped by Viktor Fasth without a rebound.
4:47 of 1st period - Tyler Seguin wins face-off versus Ryan Kesler in Predators zone.
4:54 of 1st period - Wrist shot by Tyler Seguin.
4:54 of 1st period - Shot Misses the Net.
4:58 of 1st period - Wrist shot by Tyler Seguin.
4:58 of 1st period - Deflect By Artemi Panarin.
4:58 of 1st period - Shot Blocked by Alexander Edler.
4:58 of 1st period - Puck is out of play.
4:59 of 1st period - Ryan Kesler wins face-off versus Martin Havlat in Predators zone.
5:16 of 1st period - Wrist shot by Tyler Seguin.
5:16 of 1st period - Deflect By Artemi Panarin.
5:16 of 1st period - Shot Misses the Net.
5:16 of 1st period - Puck is out of play.
5:17 of 1st period - Cody Eakin wins face-off versus Jack Eichel in Predators zone.
5:44 of 1st period - Jaden Schwartz is hit by Artemi Panarin and loses puck.
6:02 of 1st period - Icing by Ryan Mcdonagh.
6:03 of 1st period - Ryan Kesler wins face-off versus Pavel Datsyuk in Predators zone.
6:03 of 1st period - Ryan Kesler is hit by Pavel Datsyuk.
6:13 of 1st period - Wrist shot by Max Pacioretty.
6:13 of 1st period - Shot Blocked by Justin Abdelkader.
6:19 of 1st period - Wrist shot by Devin Setoguchi.
6:19 of 1st period - Shot Hit the Post.
6:39 of 1st period - Snap shot by Alexander Ovechkin.
6:39 of 1st period - Stopped by Rick DiPietro with a rebound.
6:41 of 1st period - Slapshot by Ryan Mcdonagh.
6:41 of 1st period - Shot Blocked by Dalton Prout.
7:39 of 1st period - Icing by Nate Schmidt.
7:40 of 1st period - Jack Eichel wins face-off versus Pavel Datsyuk in Predators zone.
7:42 of 1st period - Icing by Mikael Granlund.
7:43 of 1st period - Jack Eichel wins face-off versus Tyler Seguin in Predators zone.
7:50 of 1st period - Snap shot by Martin Havlat.
7:50 of 1st period - Shot Misses the Net.
7:52 of 1st period - Slapshot by Branislav Mezei.
7:52 of 1st period - Shot Blocked by Nate Schmidt.
7:54 of 1st period - Slapshot by Ryan Wilson.
7:54 of 1st period - Shot Blocked by Nate Schmidt.
8:07 of 1st period - Icing by Nate Schmidt.
8:08 of 1st period - Ryan Kesler wins face-off versus Pavel Datsyuk in Predators zone.
8:33 of 1st period - Snap shot by Mikael Granlund.
8:33 of 1st period - Stopped by Rick DiPietro without a rebound.
8:34 of 1st period - Tyler Seguin wins face-off versus Andy Miele in Blue Jackets zone.
8:36 of 1st period - Minor Penalty to Branislav Mezei for Tripping.
8:37 of 1st period - Tyler Seguin wins face-off versus Jack Eichel in Blue Jackets zone.
9:45 of 1st period - Slapshot by Alexander Edler.
9:45 of 1st period - Stopped by Rick DiPietro without a rebound.
9:46 of 1st period - Ryan Kesler wins face-off versus Tyler Seguin in Blue Jackets zone.
10:36 of 1st period - Penalty to Branislav Mezei is over, Branislav Mezei is back on ice.
11:06 of 1st period - Snap shot by Pavel Datsyuk.
11:06 of 1st period - Shot Misses the Net.
11:34 of 1st period - Snap shot by Eric Wellwood.
11:34 of 1st period - Goal by Eric Wellwood - Blue Jackets : 1 - Predators : 1.
11:35 of 1st period - Jack Eichel wins face-off versus Martin Havlat in neutral zone.
11:40 of 1st period - Wrist shot by Mikael Granlund.
11:40 of 1st period - Shot Blocked by Artemi Panarin.
12:27 of 1st period - Wrist shot by Peter Mueller.
12:27 of 1st period - Stopped by Viktor Fasth without a rebound.
12:28 of 1st period - Peter Mueller wins face-off versus Nik Antropov in Predators zone.
12:53 of 1st period - Dalton Prout is hit by Alexander Edler and loses puck.
13:26 of 1st period - Wrist shot by Pavel Datsyuk.
13:26 of 1st period - Shot Blocked by Nate Schmidt.
13:36 of 1st period - Wrist shot by Cody Eakin.
13:36 of 1st period - Deflect By Dmitri Kalinin.
13:36 of 1st period - Shot Misses the Net.
13:36 of 1st period - Puck is out of play.
13:37 of 1st period - Andy Miele wins face-off versus Cody Eakin in Predators zone.
13:55 of 1st period - John Moore is hit by Andreas Nodl and loses puck.
13:59 of 1st period - Icing by John Moore.
14:00 of 1st period - Andy Miele wins face-off versus Pavel Datsyuk in Predators zone.
14:15 of 1st period - Wrist shot by Justin Abdelkader.
14:15 of 1st period - Stopped by Rick DiPietro without a rebound.
14:16 of 1st period - Artemi Panarin wins face-off versus Jack Eichel in Blue Jackets zone.
14:23 of 1st period - Snap shot by Tyler Seguin.
14:23 of 1st period - Stopped by Viktor Fasth with a rebound.
14:26 of 1st period - Icing by Ryan Mcdonagh.
14:27 of 1st period - Tyler Seguin wins face-off versus Jack Eichel in Predators zone.
14:44 of 1st period - Wrist shot by Tyler Seguin.
14:44 of 1st period - Shot Misses the Net.
15:15 of 1st period - Snap shot by Alexander Ovechkin.
15:15 of 1st period - Shot Misses the Net.
15:17 of 1st period - Wrist shot by Alexander Ovechkin.
15:17 of 1st period - Stopped by Rick DiPietro without a rebound.
15:18 of 1st period - Ryan Kesler wins face-off versus Pavel Datsyuk in Blue Jackets zone.
15:47 of 1st period - Off-side.
15:48 of 1st period - Andy Miele wins face-off versus Tyler Seguin in neutral zone.
17:41 of 1st period - Slapshot by Peter Mueller.
17:41 of 1st period - Shot Blocked by Justin Abdelkader.
18:08 of 1st period - Wrist shot by John Moore.
18:08 of 1st period - Shot Blocked by Cam Fowler.
18:38 of 1st period - Icing by John Moore.
18:39 of 1st period - Tyler Seguin wins face-off versus Jack Eichel in Predators zone.
19:00 of 1st period - Martin Havlat is hit by Alexander Ovechkin and loses puck.
19:15 of 1st period - Slapshot by Mikael Granlund.
19:15 of 1st period - Stopped by Rick DiPietro with a rebound.
19:17 of 1st period - Snap shot by Mikael Granlund.
19:17 of 1st period - Stopped by Rick DiPietro with a rebound.
19:19 of 1st period - Slapshot by Justin Faulk.
19:19 of 1st period - Stopped by Rick DiPietro with a rebound.
19:21 of 1st period - Snap shot by Mikael Granlund.
19:21 of 1st period - Stopped by Rick DiPietro with a rebound.
19:23 of 1st period - Snap shot by Alexander Ovechkin.
19:23 of 1st period - Shot Misses the Net.
19:25 of 1st period - Wrist shot by Jack Eichel.
19:25 of 1st period - Stopped by Rick DiPietro with a rebound.
19:47 of 1st period - Snap shot by Alexander Ovechkin.
19:47 of 1st period - Shot Blocked by Dalton Prout.
19:49 of 1st period - Slapshot by Mikael Granlund.
19:49 of 1st period - Stopped by Rick DiPietro with a rebound.
19:51 of 1st period - Snap shot by Justin Faulk.
19:51 of 1st period - Shot Misses the Net.
19:53 of 1st period - Snap shot by Jack Eichel.
19:53 of 1st period - Goal by Jack Eichel - Blue Jackets : 1 - Predators : 2.
19:54 of 1st period - Ryan Kesler wins face-off versus Devin Setoguchi in neutral zone.
Goals for this period are 1 for Blue Jackets vs 2 for Predators.
Shots for this period are 7 for Blue Jackets vs 18 for Predators.

2nd period


0:01 of 2nd period - Ryan Kesler wins face-off versus Pavel Datsyuk in neutral zone.
0:24 of 2nd period - Icing by Cam Fowler.
0:25 of 2nd period - Peter Mueller wins face-off versus Mikael Granlund in Blue Jackets zone.
0:25 of 2nd period - Peter Mueller is hit by Mikael Granlund.
0:35 of 2nd period - Slapshot by Mikael Granlund.
0:35 of 2nd period - Stopped by Rick DiPietro with a rebound.
0:37 of 2nd period - Snap shot by Jack Eichel.
0:37 of 2nd period - Deflect By Alexander Ovechkin.
0:37 of 2nd period - Shot Misses the Net.
0:37 of 2nd period - Puck is out of play.
0:38 of 2nd period - Ryan Kesler wins face-off versus Tyler Seguin in Blue Jackets zone.
0:45 of 2nd period - Alexander Edler is hit by Artemi Panarin and loses puck.
0:54 of 2nd period - Wrist shot by Tyler Seguin.
0:54 of 2nd period - Stopped by Viktor Fasth with a rebound.
1:04 of 2nd period - Rob Scuderi is hit by Mikael Granlund and loses puck.
1:31 of 2nd period - Dmitri Kalinin is hit by Cam Fowler and loses puck.
3:03 of 2nd period - Cam Fowler is hit by John Moore and loses puck.
3:35 of 2nd period - Wrist shot by Tyler Seguin.
3:35 of 2nd period - Shot Misses the Net.
3:37 of 2nd period - Slapshot by Mike Lundin.
3:37 of 2nd period - Stopped by Viktor Fasth without a rebound.
3:38 of 2nd period - Ryan Kesler wins face-off versus Pavel Datsyuk in Predators zone.
4:24 of 2nd period - Ryan Wilson is hit by Byron Bitz and loses puck.
4:46 of 2nd period - Icing by John Moore.
4:47 of 2nd period - Ryan Kesler wins face-off versus Pavel Datsyuk in Predators zone.
4:54 of 2nd period - Snap shot by Pavel Datsyuk.
4:54 of 2nd period - Stopped by Viktor Fasth without a rebound.
4:55 of 2nd period - Jack Eichel wins face-off versus Pavel Datsyuk in Predators zone.
5:04 of 2nd period - Snap shot by Alexander Edler.
5:04 of 2nd period - Shot Misses the Net.
5:06 of 2nd period - Minor Penalty to Cam Fowler for High sticking.
5:07 of 2nd period - Jack Eichel wins face-off versus Tyler Seguin in Blue Jackets zone.
5:36 of 2nd period - Wrist shot by Jaden Schwartz.
5:36 of 2nd period - Deflect By Ryan Kesler.
5:36 of 2nd period - Stopped by Rick DiPietro with a rebound.
6:28 of 2nd period - Wrist shot by Peter Mueller.
6:28 of 2nd period - Stopped by Viktor Fasth without a rebound.
6:29 of 2nd period - Tyler Seguin wins face-off versus Ryan Kesler in Predators zone.
6:59 of 2nd period - Snap shot by Mikael Granlund.
6:59 of 2nd period - Shot Misses the Net.
7:01 of 2nd period - Slapshot by Alexander Edler.
7:01 of 2nd period - Shot Misses the Net.
7:06 of 2nd period - Penalty to Cam Fowler is over, Cam Fowler is back on ice.
7:11 of 2nd period - Wrist shot by Andreas Nodl.
7:11 of 2nd period - Stopped by Viktor Fasth with a rebound.
7:35 of 2nd period - Slapshot by Dalton Prout.
7:35 of 2nd period - Shot Blocked by Justin Faulk.
7:37 of 2nd period - Slapshot by Dalton Prout.
7:37 of 2nd period - Deflect By Devin Setoguchi.
7:37 of 2nd period - Shot Blocked by Nik Antropov.
7:37 of 2nd period - Puck is out of play.
7:38 of 2nd period - Pavel Datsyuk wins face-off versus Nik Antropov in Predators zone.
7:39 of 2nd period - Wrist shot by Max Pacioretty.
7:39 of 2nd period - Goal by Max Pacioretty - Blue Jackets : 2 - Predators : 2.
7:40 of 2nd period - Tyler Seguin wins face-off versus Jack Eichel in neutral zone.
7:45 of 2nd period - Slapshot by Cam Fowler.
7:45 of 2nd period - Stopped by Viktor Fasth with a rebound.
7:53 of 2nd period - Snap shot by Martin Havlat.
7:53 of 2nd period - Shot Misses the Net.
8:28 of 2nd period - Snap shot by Cody Eakin.
8:28 of 2nd period - Shot Misses the Net.
8:48 of 2nd period - Wrist shot by Eric Wellwood.
8:48 of 2nd period - Deflect By Alexander Ovechkin.
8:48 of 2nd period - Shot Misses the Net.
8:48 of 2nd period - Puck is out of play.
8:49 of 2nd period - Peter Mueller wins face-off versus Jack Eichel in Predators zone.
10:21 of 2nd period - Off-side.
10:22 of 2nd period - Tyler Seguin wins face-off versus Brendan Gallagher in neutral zone.
10:25 of 2nd period - Ryan Mcdonagh is hit by Artemi Panarin and loses puck.
10:51 of 2nd period - Slapshot by Andreas Nodl.
10:51 of 2nd period - Shot Blocked by Ryan Kesler.
10:53 of 2nd period - Snap shot by Andreas Nodl.
10:53 of 2nd period - Stopped by Viktor Fasth with a rebound.
10:55 of 2nd period - Slapshot by Dalton Prout.
10:55 of 2nd period - Shot Blocked by Ryan Mcdonagh.
11:34 of 2nd period - Alexander Edler is hit by Branislav Mezei and loses puck.
12:14 of 2nd period - Alex Killorn is hit by Pavel Datsyuk and loses puck.
13:34 of 2nd period - Max Pacioretty is hit by Mark Pysyk and loses puck.
15:27 of 2nd period - Andy Miele is hit by Brandon Bollig and loses puck.
16:44 of 2nd period - Minor Penalty to Justin Abdelkader for Hooking.
16:45 of 2nd period - Tyler Seguin wins face-off versus Andy Miele in Predators zone.
16:52 of 2nd period - Wrist shot by Devin Setoguchi.
16:52 of 2nd period - Shot Misses the Net.
16:56 of 2nd period - Slapshot by Artemi Panarin.
16:56 of 2nd period - Deflect By Tyler Seguin.
16:56 of 2nd period - Shot Misses the Net.
16:56 of 2nd period - Puck is out of play.
16:57 of 2nd period - Andy Miele wins face-off versus Tyler Seguin in Predators zone.
17:34 of 2nd period - Slapshot by Peter Mueller.
17:34 of 2nd period - Stopped by Viktor Fasth with a rebound.
17:55 of 2nd period - Icing by Tyler Seguin.
17:56 of 2nd period - Andy Miele wins face-off versus Tyler Seguin in Blue Jackets zone.
18:25 of 2nd period - Snap shot by Martin Havlat.
18:25 of 2nd period - Stopped by Viktor Fasth without a rebound.
18:26 of 2nd period - Peter Mueller wins face-off versus Andy Miele in Predators zone.
18:32 of 2nd period - Snap shot by Peter Mueller.
18:32 of 2nd period - Shot Blocked by Alexander Edler.
18:34 of 2nd period - Slapshot by Cam Fowler.
18:34 of 2nd period - Stopped by Viktor Fasth with a rebound.
18:36 of 2nd period - Slapshot by Max Pacioretty.
18:36 of 2nd period - Stopped by Viktor Fasth with a rebound.
18:38 of 2nd period - Snap shot by Peter Mueller.
18:38 of 2nd period - Deflect By Max Pacioretty.
18:38 of 2nd period - Shot Misses the Net.
18:38 of 2nd period - Puck is out of play.
18:39 of 2nd period - Artemi Panarin wins face-off versus Andy Miele in Predators zone.
18:44 of 2nd period - Penalty to Justin Abdelkader is over, Justin Abdelkader is back on ice.
18:44 of 2nd period - Wrist shot by Devin Setoguchi.
18:44 of 2nd period - Shot Misses the Net.
18:46 of 2nd period - Slapshot by Cam Fowler.
18:46 of 2nd period - Shot Misses the Net.
18:48 of 2nd period - Slapshot by Cam Fowler.
18:48 of 2nd period - Shot Misses the Net.
18:50 of 2nd period - Wrist shot by Devin Setoguchi.
18:50 of 2nd period - Stopped by Viktor Fasth with a rebound.
18:52 of 2nd period - Wrist shot by Devin Setoguchi.
18:52 of 2nd period - Deflect By Ryan Mcdonagh.
18:52 of 2nd period - Shot Misses the Net.
18:52 of 2nd period - Puck is out of play.
18:53 of 2nd period - Mikael Granlund wins face-off versus Tyler Seguin in Predators zone.
19:08 of 2nd period - Slapshot by Artemi Panarin.
19:08 of 2nd period - Stopped by Viktor Fasth without a rebound.
19:09 of 2nd period - Pavel Datsyuk wins face-off versus Ryan Kesler in Predators zone.
19:14 of 2nd period - Wrist shot by Devin Setoguchi.
19:14 of 2nd period - Stopped by Viktor Fasth with a rebound.
19:16 of 2nd period - Minor Penalty to Ryan Kesler for Interference.
19:17 of 2nd period - Andy Miele wins face-off versus Tyler Seguin in Predators zone.
19:28 of 2nd period - Wrist shot by Mike Lundin.
19:28 of 2nd period - Stopped by Viktor Fasth without a rebound.
19:29 of 2nd period - Andy Miele wins face-off versus Tyler Seguin in Predators zone.
19:46 of 2nd period - Off-side.
19:47 of 2nd period - Peter Mueller wins face-off versus Andy Miele in neutral zone.
Goals for this period are 1 for Blue Jackets vs 0 for Predators.
Shots for this period are 16 for Blue Jackets vs 2 for Predators.

3rd period


0:01 of 3rd period - Tyler Seguin wins face-off versus Andy Miele in neutral zone.
0:04 of 3rd period - Slapshot by Artemi Panarin.
0:04 of 3rd period - Shot Blocked by Alexander Edler.
0:06 of 3rd period - Slapshot by Artemi Panarin.
0:06 of 3rd period - Shot Blocked by Ryan Mcdonagh.
0:08 of 3rd period - Slapshot by Tyler Seguin.
0:08 of 3rd period - Shot Misses the Net.
0:10 of 3rd period - Snap shot by Tyler Seguin.
0:10 of 3rd period - Stopped by Viktor Fasth with a rebound.
0:12 of 3rd period - Slapshot by Mike Lundin.
0:12 of 3rd period - Shot Blocked by Alexander Edler.
0:14 of 3rd period - Snap shot by Devin Setoguchi.
0:14 of 3rd period - Stopped by Viktor Fasth with a rebound.
0:16 of 3rd period - Snap shot by Devin Setoguchi.
0:16 of 3rd period - Stopped by Viktor Fasth with a rebound.
0:34 of 3rd period - Wrist shot by Mike Lundin.
0:34 of 3rd period - Shot Blocked by Alexander Edler.
1:16 of 3rd period - Penalty to Ryan Kesler is over, Ryan Kesler is back on ice.
2:04 of 3rd period - Slapshot by Ryan Mcdonagh.
2:04 of 3rd period - Shot Blocked by Pavel Datsyuk.
2:06 of 3rd period - Snap shot by Mark Pysyk.
2:06 of 3rd period - Shot Misses the Net.
2:08 of 3rd period - Snap shot by Alex Killorn.
2:08 of 3rd period - Shot Blocked by Devin Setoguchi.
2:18 of 3rd period - Andy Miele is hit by Artemi Panarin.
2:26 of 3rd period - Snap shot by Artemi Panarin.
2:26 of 3rd period - Shot Blocked by Andy Miele.
2:38 of 3rd period - Rob Scuderi is hit by Jack Eichel and loses puck.
3:09 of 3rd period - Jaden Schwartz is hit by Tyler Kennedy and loses puck.
3:21 of 3rd period - Icing by Tyler Kennedy.
3:22 of 3rd period - Nik Antropov wins face-off versus Pavel Datsyuk in Blue Jackets zone.
3:23 of 3rd period - Wrist shot by Mark Pysyk.
3:23 of 3rd period - Stopped by Rick DiPietro with a rebound.
3:52 of 3rd period - Snap shot by Alexander Ovechkin.
3:52 of 3rd period - Stopped by Rick DiPietro without a rebound.
3:53 of 3rd period - Tyler Seguin wins face-off versus Jack Eichel in Blue Jackets zone.
3:55 of 3rd period - Icing by Branislav Mezei.
3:56 of 3rd period - Tyler Seguin wins face-off versus Jack Eichel in Blue Jackets zone.
4:13 of 3rd period - Wrist shot by Mikael Granlund.
4:13 of 3rd period - Stopped by Rick DiPietro with a rebound.
4:15 of 3rd period - Slapshot by Alexander Edler.
4:15 of 3rd period - Stopped by Rick DiPietro with a rebound.
4:55 of 3rd period - Snap shot by Alexander Ovechkin.
4:55 of 3rd period - Shot Blocked by Branislav Mezei.
5:05 of 3rd period - Slapshot by Jack Eichel.
5:05 of 3rd period - Shot Blocked by Martin Havlat.
5:17 of 3rd period - Slapshot by Alexander Ovechkin.
5:17 of 3rd period - Shot Misses the Net.
5:19 of 3rd period - Slapshot by Alexander Edler.
5:19 of 3rd period - Stopped by Rick DiPietro with a rebound.
5:21 of 3rd period - Wrist shot by Ryan Mcdonagh.
5:21 of 3rd period - Shot Misses the Net.
5:23 of 3rd period - Slapshot by Alexander Ovechkin.
5:23 of 3rd period - Shot Blocked by Ryan Wilson.
5:25 of 3rd period - Snap shot by Jack Eichel.
5:25 of 3rd period - Stopped by Rick DiPietro without a rebound.
5:26 of 3rd period - Pavel Datsyuk wins face-off versus Ryan Kesler in Blue Jackets zone.
5:30 of 3rd period - Cam Fowler is hit by Justin Faulk.
5:42 of 3rd period - Snap shot by Max Pacioretty.
5:42 of 3rd period - Deflect By Justin Faulk.
5:42 of 3rd period - Shot Blocked by Justin Faulk.
5:42 of 3rd period - Puck is out of play.
5:43 of 3rd period - Peter Mueller wins face-off versus Andy Miele in Predators zone.
5:48 of 3rd period - Slapshot by Tyler Kennedy.
5:48 of 3rd period - Stopped by Viktor Fasth with a rebound.
5:50 of 3rd period - Minor Penalty to Justin Faulk for Cross-checking.
5:51 of 3rd period - Andy Miele wins face-off versus Peter Mueller in Predators zone.
6:09 of 3rd period - Icing by Devin Setoguchi.
6:10 of 3rd period - Tyler Seguin wins face-off versus Andy Miele in Blue Jackets zone.
7:22 of 3rd period - Cam Fowler is hit by Alexander Ovechkin and loses puck.
7:50 of 3rd period - Penalty to Justin Faulk is over, Justin Faulk is back on ice.
7:57 of 3rd period - John Moore is hit by Brandon Bollig and loses puck.
8:08 of 3rd period - Minor Penalty to Brandon Bollig for Holding Stick.
8:09 of 3rd period - Tyler Seguin wins face-off versus Jack Eichel in Blue Jackets zone.
10:08 of 3rd period - Penalty to Brandon Bollig is over, Brandon Bollig is back on ice.
10:56 of 3rd period - Off-side.
10:57 of 3rd period - Peter Mueller wins face-off versus Andy Miele in neutral zone.
11:35 of 3rd period - Slapshot by Mikael Granlund.
11:35 of 3rd period - Stopped by Rick DiPietro with a rebound.
11:44 of 3rd period - Icing by Dalton Prout.
11:45 of 3rd period - Tyler Seguin wins face-off versus Nik Antropov in Blue Jackets zone.
12:35 of 3rd period - Snap shot by Jaden Schwartz.
12:35 of 3rd period - Shot Misses the Net.
12:41 of 3rd period - Slapshot by Brendan Gallagher.
12:41 of 3rd period - Shot Misses the Net.
12:47 of 3rd period - Minor Penalty to Martin Havlat for Interference.
12:48 of 3rd period - Jack Eichel wins face-off versus Tyler Seguin in Blue Jackets zone.
13:15 of 3rd period - Dalton Prout is hit by Ryan Kesler and loses puck.
13:38 of 3rd period - Snap shot by Peter Mueller.
13:38 of 3rd period - Shot Blocked by Alexander Ovechkin.
13:50 of 3rd period - Wrist shot by Jaden Schwartz.
13:50 of 3rd period - Shot Blocked by Cam Fowler.
14:47 of 3rd period - Penalty to Martin Havlat is over, Martin Havlat is back on ice.
14:54 of 3rd period - Snap shot by Andy Miele.
14:54 of 3rd period - Shot Blocked by Martin Havlat.
14:56 of 3rd period - Slapshot by Andy Miele.
14:56 of 3rd period - Shot Misses the Net.
14:58 of 3rd period - Slapshot by Nate Schmidt.
14:58 of 3rd period - Shot Misses the Net.
15:04 of 3rd period - Snap shot by Justin Abdelkader.
15:04 of 3rd period - Shot Misses the Net.
15:23 of 3rd period - Minor Penalty to Mark Pysyk for Goalie Interference.
15:24 of 3rd period - Peter Mueller wins face-off versus Andy Miele in Predators zone.
17:14 of 3rd period - Nate Schmidt is hit by Cam Fowler and loses puck.
17:23 of 3rd period - Penalty to Mark Pysyk is over, Mark Pysyk is back on ice.
19:10 of 3rd period - Branislav Mezei is hit by Justin Abdelkader and loses puck.
19:40 of 3rd period - Cody Eakin is hit by Byron Bitz and loses puck.
Goals for this period are 0 for Blue Jackets vs 0 for Predators.
Shots for this period are 4 for Blue Jackets vs 7 for Predators.

Overtime #1


0:01 of 1st overtime period - Artemi Panarin wins face-off versus Mikael Granlund in neutral zone.
0:10 of 1st overtime period - Snap shot by Artemi Panarin.
0:10 of 1st overtime period - Deflect By Tyler Seguin.
0:10 of 1st overtime period - Stopped by Viktor Fasth without a rebound.
0:11 of 1st overtime period - Tyler Seguin wins face-off versus Mikael Granlund in Predators zone.
0:18 of 1st overtime period - Snap shot by Cam Fowler.
0:18 of 1st overtime period - Shot Blocked by Alexander Edler.
1:08 of 1st overtime period - Justin Faulk is hit by Peter Mueller and loses puck.
1:33 of 1st overtime period - Icing by Ryan Mcdonagh.
1:34 of 1st overtime period - Andy Miele wins face-off versus Pavel Datsyuk in Predators zone.
2:05 of 1st overtime period - Slapshot by Justin Faulk.
2:05 of 1st overtime period - Stopped by Rick DiPietro without a rebound.
2:06 of 1st overtime period - Andy Miele wins face-off versus Max Pacioretty in Blue Jackets zone.
2:11 of 1st overtime period - Wrist shot by Andy Miele.
2:11 of 1st overtime period - Stopped by Rick DiPietro without a rebound.
2:12 of 1st overtime period - Tyler Seguin wins face-off versus Andy Miele in Blue Jackets zone.
2:43 of 1st overtime period - Slapshot by Mikael Granlund.
2:43 of 1st overtime period - Stopped by Rick DiPietro with a rebound.
2:45 of 1st overtime period - Snap shot by Ryan Mcdonagh.
2:45 of 1st overtime period - Stopped by Rick DiPietro without a rebound.
2:46 of 1st overtime period - Tyler Seguin wins face-off versus Mikael Granlund in Blue Jackets zone.
4:01 of 1st overtime period - Peter Mueller is hit by Andy Miele and loses puck.
4:16 of 1st overtime period - Dalton Prout is hit by Ryan Mcdonagh and loses puck.
Goals for this period are 0 for Blue Jackets vs 0 for Predators.
Shots for this period are 1 for Blue Jackets vs 4 for Predators.

ShootOut


5:00 of 1st overtime period - Round #1.
5:00 of 1st overtime period - Blue Jackets, Tyler Seguin.
5:00 of 1st overtime period - Backhand shot by Tyler Seguin.
5:00 of 1st overtime period - Stopped by Viktor Fasth.
5:00 of 1st overtime period - Predators, Brendan Gallagher.
5:00 of 1st overtime period - Deke by Brendan Gallagher.
5:00 of 1st overtime period - Shot Misses the Net.
5:00 of 1st overtime period - Round #2.
5:00 of 1st overtime period - Blue Jackets, Artemi Panarin.
5:00 of 1st overtime period - Deke by Artemi Panarin.
5:00 of 1st overtime period - Stopped by Viktor Fasth.
5:00 of 1st overtime period - Predators, Mikael Granlund.
5:00 of 1st overtime period - Snap shot by Mikael Granlund.
5:00 of 1st overtime period - Shot Misses the Net.
5:00 of 1st overtime period - Round #3.
5:00 of 1st overtime period - Blue Jackets, Max Pacioretty.
5:00 of 1st overtime period - Snap shot by Max Pacioretty.
5:00 of 1st overtime period - Goal by Max Pacioretty.
5:00 of 1st overtime period - Predators, Alexander Ovechkin.
5:00 of 1st overtime period - Deke by Alexander Ovechkin.
5:00 of 1st overtime period - Shot Misses the Net.